 Dungeon Crawl Stone Soup version 0.24-a0-525-g9231cdcba1 (webtiles) character file.

Game seed: 2118413433970609005

87 AarnesTheHuman the Shield-Bearer (level 4, -6/37 HPs)
             Began as a Formicid Fighter on Aug 1, 2019.
             Mangled by Crazy Yiuf
             ... wielding a +4 quarterstaff of chaos
              (13 damage)
             ... on level 2 of the Dungeon.
             The game lasted 00:02:56 (1510 turns).

AarnesTheHuman the Shield-Bearer (Formicid Fighter) Turns: 1510, Time: 00:02:57

Health: -6/37      AC:  7    Str: 22    XL:     4   Next: 80%
Magic:  4/4        EV:  8    Int:  7    God:
Gold:   59         SH:  9    Dex: 10    Spells: 3/3 levels left

rFire    . . .     SeeInvis +   a - +0 long sword
rCold    . . .     Gourm    .   c - +0 shield
rNeg     . . .     Faith    .   b - +0 scale mail
rPois    .         Spirit   .   (helmet unavailable)
rElec    .         Reflect  .   (no cloak)
rCorr    .         Harm     .   (no gloves)
MR       .....                  (no boots)
Stlth    ..........             (no amulet)
HPRegen  0.12/turn              (no ring)
MPRegen  0.09/turn              (no ring)

@: very slightly contaminated, invisible
A: permanent stasis, dig shafts and tunnels, four strong arms, antennae 3
a: Dig, Shaft Self


You were on level 2 of the Dungeon.
You were not hungry.

You visited 1 branch of the dungeon, and saw 2 of its levels.

You collected 59 gold pieces.

Inventory:

Hand Weapons
 a - a +0 long sword (weapon)
 q - a +4 short sword
Armour
 b - a +0 scale mail (worn)
 c - a +0 shield (worn)
Scrolls
 e - a scroll of teleportation {unknown}
 h - a scroll of fog {unknown}
 i - 2 scrolls of enchant armour {unknown}
 j - a scroll of remove curse {unknown}
 n - 2 scrolls of identify {unknown}
 p - a scroll of noise {unknown}
Potions
 d - a potion of might
 k - a potion of brilliance {unknown}
 l - a potion of magic {unknown}
 m - a potion of agility {unknown}
 o - 2 potions of curing {unknown}
Comestibles
 f - 5 rations
 g - a chunk of flesh


   Skills:
 + Level 4.0 Fighting
 + Level 2.9 Long Blades
 + Level 4.0 Armour
 + Level 4.4 Shields


You had 3 spell levels left.
You didn't know any spells.
Your spell library was empty.

Dungeon Overview and Level Annotations

Branches:
Dungeon (2/15)

Altars:
Dithmenos
Okawaru
Ru
Uskayaw
The Shining One

Annotations:
D:2 Crazy Yiuf


Innate Abilities, Weirdness & Mutations

You cannot be hasted, slowed, berserked, paralysed or teleported.
You can dig through walls and to a lower floor.
Your four strong arms can wield two-handed weapons with a shield.
You have a pair of large antennae on your head. (SInv)


Message History

Crazy Yiuf hits you with a +4 quarterstaff of chaos.
Crazy Yiuf freezes you.
Your shield and scale mail prevent you from hitting Crazy Yiuf.
Crazy Yiuf is severely wounded.
Crazy Yiuf hits you with a +4 quarterstaff of chaos.
Your stasis prevents you from being hasted.
Crazy Yiuf hits you with a +4 quarterstaff of chaos.
* * * LOW HITPOINT WARNING * * *
You fade into invisibility!
You are very lightly contaminated with residual magic.
You hit Crazy Yiuf but do no damage.
Crazy Yiuf is severely wounded.
Crazy Yiuf waves his quarterstaff at you.
Crazy Yiuf hits you with a +4 quarterstaff of chaos.
* * * LOW HITPOINT WARNING * * *
You hit Crazy Yiuf.
Crazy Yiuf is severely wounded.
Crazy Yiuf laughs, "Goldfish mumblescurry sing!"
Crazy Yiuf hits you with a +4 quarterstaff of chaos!
You die...

.##......#.....##.###.....# #..#
.##.###........##..#(.....# #...
###.###.#.......<.........# #.#.
###.##.################...# #(#.
.......# #...# #...
...)...##♣♣♣♣♣ #.### #...
......#.#..♣.♣♣♣ #### #.######...
.....#......♣..♣#...# #..........
...........♣♣♣♣.@g..# ##...###...
##.##...#.♣♣ ♣♣#..)# #..........
##.....##♣♣ #### #..........
..##...# #.......... #....#.#
#..........
##.###########################..#
#...÷........##.....########..##
####################...........#
...................#######.##..#


You could see Crazy Yiuf.

Vanquished Creatures
  2 adders (D:2)
  A gnoll (D:2)
  An ooze (D:1)
  2 dart slugs (D:1)
  2 leopard geckos
  An orc (D:2)
  5 bats
  4 giant cockroaches
  5 goblins
  11 hobgoblins
  2 frilled lizards (D:2)
  8 kobolds
  3 rats
47 creatures vanquished.

Notes
Turn   | Place    | Note
-------+----------+-------------------------------------------
     0 | D:1      | AarnesTheHuman the Formicid Fighter began the quest for the
                  | Orb.
     0 | D:1      | Reached XP level 1. HP: 18/18 MP: 1/1
    29 | D:1      | Reached XP level 2. HP: 24/24 MP: 2/2
   169 | D:1      | Reached XP level 3. HP: 28/29 MP: 3/3
   564 | D:2      | Found a glowing golden altar of the Shining One.
   574 | D:2      | Found a hide-covered altar of Uskayaw.
   675 | D:2      | Found an iron altar of Okawaru.
   690 | D:2      | Reached XP level 4. HP: 18/37 MP: 4/4
   917 | D:2      | Found a shadowy altar of Dithmenos.
  1291 | D:2      | Found a runed translucent door.
  1292 | D:2      | Noticed Crazy Yiuf
  1430 | D:2      | Found a sacrificial altar of Ru.
  1510 | D:2      | Mangled by Crazy Yiuf

Levels and vault maps discovered:
D:1:      dpeg_arrival_rooms_with_view, layout_rooms
D:2:      layout_rooms, overflow_temple_1_default, overflow_temple_1_default,
          lemuel_coloured_pillars_altar, lemuel_doored_altar, first_ration,
          okawaru_altar_gauntlet_db, uniq_crazy_yiuf_cottage

Skill      XL: |  1  2  3  4 |
---------------+-------------+-----
Shields        | 4 |  4.4
Fighting       | 4 |  4.0
Armour         | 4 |  4.0
Long Blades    | |  2.9

Action                   |  1- 3 |  4- 6 || total
-------------------------+-------+-------++-------
Melee: Long sword        |    87 |    50 ||   137
  Eat: Chunk             |       |     2 ||     2
Armor: Scale mail        |    30 |    18 ||    48
Dodge: Dodged            |    37 |    11 ||    48
Block: Shield            |    61 |    26 ||    87
       Rpst.: Long sword |    14 |     1 ||    15

Table legend:
 A = Non-vault XP
 B = Vault XP
 C = Vault XP percentage of total XP
 D = Non-vault monster count
 E = Vault monster count
 F = Vault count percentage of total count
                 A         B        C        D         E       F
            +---------+---------+-------+---------+---------+-------
      Total |      98 |      27 |  21.6 |      39 |       8 |  17.0
            +---------+---------+-------+---------+---------+-------
        D:1 |      49 |       4 |   7.5 |      21 |       2 |   8.7
        D:2 |      49 |      23 |  31.9 |      18 |       6 |  25.0
            +---------+---------+-------+---------+---------+-------
